Map: Blackburn LE

Players

Rex

  • Race: Zerg Zerg
  • League: Grandmaster

Nice - Winner!

  • Race: Protoss Protoss
  • League: Grandmaster

Event: DreamHack SC2 Masters 2021 Summer

VOD

Have the link to the VOD?

Description

Time

  • Played on: May 21, 2021, 7:14 a.m.
  • Length: 14:08

All games in this series

Show
View Real Time Build Order
Export as new Build Order

Rex Zerg 

Build Orders: Hatch First 

Get SALT Encoding   

  12  0:00  Drone  
  13  0:12  Overlord  
  13  0:16  Drone  
  14  0:31  Drone x2  
  16  0:51  Hatchery  
  16  0:53  Drone  
  16  0:55  Drone  
  17  0:59  Drone  
  18  1:09  Extractor  
  17  1:14  Spawning Pool  
  17  1:18  Drone  
  17  1:21  Drone  
  18  1:28  Drone  
  19  1:39  Drone  
  20  1:52  Drone  
  21  2:03  Queen  
  21  2:04  Queen  
  21  2:05  Zergling x4  
  27  2:10  Metabolic Boost  
  27  2:15  Drone  
  28  2:24  Overlord  
  28  2:37  Hatchery  
  28  2:42  Queen  
  29  2:45  Zergling x2  
  29  2:48  Zergling x4  
  32  2:52  Zergling x2  
  32  2:57  Zergling x6  
  35  3:02  Overlord  
  35  3:14  Spore Crawler  
  35  3:19  Drone  
  35  3:23  Drone x7  
  42  3:30  Overlord  
  42  3:33  Drone  
  43  3:46  Overlord  
  43  3:49  Queen  
  43  3:52  Queen  
  47  3:57  Overlord  
  47  4:00  Drone, Overlord  
  47  4:01  Drone x2  
  50  4:15  Spore Crawler  
  50  4:16  Overlord  
  49  4:17  Queen  
  49  4:20  Drone x4  
  55  4:26  Drone x4  
  59  4:32  Spore Crawler  
  59  4:35  Extractor  
  59  4:36  Evolution Chamber  
  59  4:37  Drone x3  
  59  4:40  Drone  
  59  4:46  Drone  
  60  4:56  Hatchery  
  60  4:58  Spore Crawler  
  55  5:04  Zergling x10  
  55  5:05  Zergling x6  
  63  5:07  Zerg Melee Weapons Level 1  
  63  5:14  Overlord  
  63  5:15  Zergling x6  
  66  5:24  Drone x6  
  72  5:30  Baneling Nest  
  72  5:34  Drone x6  
  75  5:39  Lair  
  74  5:46  Drone  
  74  5:47  Drone x3  
  77  5:55  Drone x4  
  76  6:02  Drone x5  
  79  6:05  Drone  
  79  6:09  Queen  
  79  6:10  Drone  
  79  6:11  Drone x3  
  86  6:16  Overlord  
  84  6:19  Roach Warren  
  84  6:20  Drone  
  84  6:21  Drone  
  84  6:22  Drone x2  
  84  6:25  Drone x2  
  88  6:31  Spore Crawler  
  88  6:32  Overlord  
  87  6:34  Hatchery, Overlord  
  86  6:41  Drone x2, Extractor  
  86  6:42  Extractor  
  86  6:43  Extractor x2  
  84  6:48  Overseer  
  84  6:52  Drone x5  
  89  6:56  Drone x3  
  89  6:59  Glial Reconstitution  
  84  7:12  Roach x11  
  106  7:16  Zerg Missile Weapons Level 1  
  106  7:23  Overlord x2  
  106  7:28  Overlord  
  106  7:30  Overlord  
  106  7:32  Roach x6  
  106  7:35  Drone  
  119  7:45  Overlord  
  119  7:49  Roach x9  
  119  7:51  Ravager x3  
  140  7:53  Baneling x3  
  140  7:57  Zergling x10  
  144  8:10  Drone x13  
  157  8:20  Overlord x4  
  157  8:22  Overlord  
  157  8:31  Infestation Pit  
  155  8:35  Zergling x4  
  155  8:37  Overlord  
  155  8:39  Overlord  
  155  8:40  Overlord  
  157  8:44  Ravager x2  
  157  8:45  Zergling x10, Ravager x2  
  157  8:46  Zergling x12  
  172  8:54  Drone x4, Spire  
  175  8:55  Evolution Chamber  
  175  9:01  Drone  
  175  9:02  Drone x3  
  178  9:08  Hive  
  178  9:09  Zerg Melee Weapons Level 2  
  178  9:14  Hatchery  
  177  9:24  Pneumatized Carapace  
  177  9:27  Baneling x13  
  177  9:44  Centrifical Hooks  
  177  9:51  Zergling x42  
  198  9:59  Zergling x2  
  189  10:00  Zergling x24  
  187  10:10  Zergling x14  
  187  10:11  Zergling x8  
  195  10:22  Adrenal Glands  
  195  10:29  Hatchery  
  195  10:30  Zergling x12  
  195  10:34  Overlord  
  195  10:35  Extractor x2  
  159  11:04  Zergling x44  
  171  11:12  Zergling x2  
  171  11:13  Zergling x14  
  159  11:30  Roach  
  159  11:31  Roach x8  
  153  11:33  Ravager x4  
  153  11:34  Roach x2  
  153  11:35  Roach x3  
  153  11:36  Roach  
  153  11:38  Roach  
  160  11:44  Baneling, Roach x2  
  160  11:45  Baneling x10  
  158  11:48  Baneling x11, Roach  
  158  11:49  Roach  
  161  11:54  Roach  
  161  11:58  Roach  
  161  11:59  Roach  
  167  12:04  Roach  
  159  12:09  Roach  
  159  12:10  Roach  
  147  12:16  Roach  
  147  12:18  Roach x2  
  147  12:21  Roach  
  147  12:22  Roach x3  
  156  12:25  Roach  
  156  12:26  Roach  
  128  12:30  Roach  
  128  12:31  Roach  
  128  12:33  Roach  
  128  12:34  Ravager x3  
  128  12:35  Ravager  
  126  12:42  Roach x2  
  126  12:43  Roach  
  132  12:50  Roach  
  129  12:52  Roach  
  129  12:54  Roach  
  109  13:02  Roach  
  109  13:03  Roach  
  109  13:05  Roach  
  110  13:12  Roach  
  99  13:14  Roach  
  99  13:15  Roach  
  101  13:22  Roach  
  101  13:24  Roach  
  101  13:25  Roach  
  101  13:26  Roach x2  
  111  13:27  Roach  
  111  13:29  Roach x3  
  121  13:34  Roach  
  121  13:37  Roach x2  
  121  13:40  Roach  
  120  13:43  Roach  
Show
View Real Time Build Order
Export as new Build Order

Nice Protoss - Winner!

Build Orders: 1 Gate Expand, Oracle Opening, Zealot Archon 

Get SALT Encoding   

  12  0:00  Probe  
  13  0:12  Probe  
  14  0:19  Pylon  
  14  0:24  Probe  
  15  0:29  Assimilator  
  15  0:37  Probe (Chrono Boost)  
  16  0:44  Gateway  
  17  0:50  Probe (Chrono Boost)  
  17  0:56  Probe (Chrono Boost)  
  18  1:04  Probe  
  19  1:17  Probe  
  20  1:24  Nexus  
  20  1:34  Cybernetics Core  
  20  1:40  Assimilator  
  20  1:42  Probe  
  21  1:49  Pylon  
  21  1:54  Probe  
  23  2:08  Adept (Chrono Boost)  
  23  2:11  Stargate  
  23  2:14  Probe  
  25  2:18  Warp Gate  
  25  2:26  Probe  
  26  2:33  Adept  
  28  2:40  Probe (Chrono Boost)  
  30  2:46  Probe (Chrono Boost)  
  30  2:50  Probe (Chrono Boost)  
  31  2:54  Probe (Chrono Boost)  
  31  2:55  Probe (Chrono Boost)  
  33  3:02  Gateway  
  33  3:04  Probe  
  33  3:05  Oracle (Chrono Boost)  
  34  3:07  Probe  
  38  3:17  Shield Battery  
  38  3:21  Pylon  
  38  3:24  Adept  
  40  3:27  Probe x2  
  40  3:34  Void Ray (Chrono Boost)  
  46  3:44  Probe x2  
  46  3:52  Pylon  
  46  3:56  Probe x2  
  46  4:02  Oracle (Chrono Boost)  
  48  4:08  Probe x2  
  48  4:09  Assimilator  
  53  4:15  Assimilator  
  53  4:18  Pylon  
  53  4:20  Probe  
  53  4:21  Probe  
  55  4:24  Pylon  
  55  4:31  Gateway  
  55  4:33  Oracle (Chrono Boost)  
  55  4:36  Probe x2  
  60  4:40  Adept  
  60  4:43  Adept  
  64  4:48  Probe x2  
  66  5:00  Pylon  
  66  5:04  Nexus  
  66  5:10  Probe x2  
  68  5:19  Pylon, Adept x2  
  72  5:22  Probe  
  72  5:24  Probe  
  74  5:34  Probe  
  72  5:36  Probe  
  73  5:46  Probe, Forge  
  73  5:47  Sentry x2  
  73  5:48  Probe, Shield Battery, Sentry  
  73  5:49  Twilight Council  
  81  5:50  Pylon  
  75  6:03  Probe, Protoss Ground Weapons Level 1 (Chrono Boost)  
  76  6:06  Shield Battery  
  76  6:07  Probe  
  77  6:15  Gateway  
  77  6:17  Charge (Chrono Boost), Gateway  
  77  6:19  Gateway  
  77  6:24  Probe x2  
  79  6:25  Probe  
  80  6:33  Templar Archives, Zealot  
  80  6:34  Zealot x2  
  80  6:36  Probe  
  80  6:37  Probe  
  80  6:38  Probe  
  89  6:42  Robotics Facility  
  89  6:43  Pylon  
  89  6:45  Pylon  
  89  6:49  Probe x2  
  89  6:50  Probe  
  89  6:52  Gateway  
  92  7:06  Gateway  
  92  7:08  Probe x2  
  87  7:14  Gateway  
  87  7:17  High Templar x4  
  87  7:20  Probe, Gateway  
  87  7:21  Gateway, Assimilator  
  87  7:22  Archon  
  97  7:23  Archon, Pylon, Assimilator  
  97  7:29  Photon Cannon  
  96  7:31  Pylon  
  96  7:32  High Templar x2  
  100  7:37  Archon  
  100  7:44  Warp Prism (Chrono Boost)  
  102  7:54  Pylon  
  102  7:55  Nexus  
  102  7:57  Pylon  
  102  7:58  Protoss Ground Weapons Level 2 (Chrono Boost)  
  102  8:00  Probe x3  
  102  8:02  Blink (Chrono Boost)  
  105  8:12  Probe  
  106  8:13  Observer (Chrono Boost)  
  106  8:14  Shield Battery  
  106  8:15  Shield Battery  
  106  8:17  Pylon  
  106  8:18  Photon Cannon  
  106  8:19  Shield Battery  
  107  8:29  High Templar x2  
  107  8:31  Immortal (Chrono Boost)  
  107  8:32  Zealot  
  107  8:33  Zealot x4  
  121  8:35  Archon  
  121  8:37  Zealot x4  
  121  8:40  Pylon  
  121  8:41  Pylon  
  119  8:44  Probe  
  119  8:45  Probe x2  
  122  8:50  Photon Cannon  
  122  8:53  Photon Cannon  
  122  8:55  Pylon  
  122  8:59  Probe  
  123  9:03  Robotics Bay  
  123  9:07  Probe x3  
  126  9:14  High Templar x4  
  135  9:17  Probe  
  135  9:18  Gateway  
  135  9:19  Archon, Assimilator  
  135  9:20  Pylon  
  135  9:21  Assimilator  
  135  9:23  Pylon  
  135  9:25  Immortal  
  139  9:36  Archon  
  139  9:50  Zealot x11  
  145  10:11  High Templar x4  
  145  10:12  Zealot x7  
  161  10:16  Archon x2  
  161  10:18  Protoss Ground Weapons Level 3 (Chrono Boost)  
  157  10:31  Photon Cannon  
  157  10:33  Photon Cannon  
  157  10:35  Shield Battery  
  157  10:37  High Templar x2  
  157  10:39  Pylon  
  157  10:41  Photon Cannon, Archon  
  161  10:43  Shield Battery, Zealot x7  
  161  10:46  Pylon  
  173  10:54  Zealot x2  
  157  11:07  Zealot x2  
  157  11:08  Zealot x5  
  135  11:31  High Templar x6  
  137  11:35  Archon x2  
  137  11:36  Archon  
  137  11:39  Zealot x5  
  143  11:55  Pylon  
  143  11:56  Pylon  
  143  11:59  Assimilator  
  141  12:04  Assimilator, Stalker x3  
  141  12:05  Stalker x6  
  141  12:06  Stalker  
  127  12:29  Zealot  
  115  12:30  Zealot x7  
  125  12:44  Photon Cannon  
  113  13:06  Immortal  
  113  13:09  Photon Cannon  
  113  13:18  High Templar x3  
  113  13:19  High Templar, Stalker x4  
  129  13:20  Stalker x3  
  129  13:22  Archon x2  
  131  13:33  Nexus  
Tags
 
Add a new tag
Caveats
  • Supply blocks, unpowered buildings, or Contaminate may cause inaccurate times.
  • Supply counts are checked every 10 seconds.